 Dungeon Crawl Stone Soup version 0.31.0-9-g3a7656b989 (webtiles) character file.

Game seed: 16720763201094892589

28 Colgate the Poker (level 3, 15/29 HPs)
             Began as a Demonspawn Cinder Acolyte on Jan 30, 2024.
             Was a High Priest of Ignis.
             Quit the game on level 1 of the Dungeon.
             The game lasted 00:01:05 (667 turns).

Colgate the Poker (Demonspawn Cinder Acolyte)        Turns: 667, Time: 00:01:06

Health: 15/29      AC:  2    Str: 16    XL:     3   Next: 0%
Magic:  4/4        EV: 11    Int: 14    God:    Ignis [*****.]
Gold:   10         SH:  0    Dex: 10    Spells: 4/4 levels left

rFire   + . .        a - -1 spear (flame)
rCold   . . .        (no shield)
rNeg    + . .        b - +0 robe
rPois   .            (no helmet)
rElec   .            (no cloak)
rCorr   .            (no gloves)
SInv    .            (no boots)
Will    .....        (no amulet)
Stlth   ++           e - ring of positive energy
HPRegen 0.24/turn    (no ring)
MPRegen 0.09/turn

%: no passive effects
@: no status effects
A: thin skeletal structure 1, demonic guardian 1
a: Renounce Religion, Fiery Armour, Foxfire Swarm, Rising Flame


You were on level 1 of the Dungeon.
You worshipped Ignis.
Ignis was extremely pleased with you.
You visited 1 branch of the dungeon, and saw 1 of its levels.

You collected 10 gold pieces.

Inventory:

Hand Weapons
 a - a -1 spear of flaming (weapon)
Armour
 b - a +0 robe (worn)
Jewellery
 e - a ring of positive energy (left hand)
 g - an amulet of guardian spirit
Scrolls
 c - 2 scrolls of teleportation {unknown}
 d - a scroll of enchant weapon {unknown}
Potions
 f - a potion of heal wounds {unknown}


   Skills:
 - Level 3.0 Fighting
 + Level 3.8 Polearms
 - Level 1.0 Spellcasting
 - Level 2.6 Fire Magic


You had 4 spell levels left.
You didn't know any spells.
Your spell library contained the following spells:

 Spells                   Type           Power      Damage    Failure   Level
 Scorch                   Fire           16%        2d5       13%         2
 Leda's Liquefaction      Alch/Erth      0%         N/A       95%         4
 Lee's Rapid Deconstruct  Erth           0%         3d4*      100%        5
 Bombard                  Conj/Erth      0%         9d1       100%        6


Dungeon Overview and Level Annotations

Branches:
Dungeon (1/15)

Altars:


Innate Abilities, Weirdness & Mutations

You have a somewhat thin skeletal structure. (Dex +2, Stealth+)
A weak demonic guardian rushes to your aid.


Message History

You are too injured to fight recklessly!
There are monsters nearby!
You are too injured to fight recklessly!
There are monsters nearby!
You are too injured to fight recklessly!
There are monsters nearby!
You are too injured to fight recklessly!
There are monsters nearby!
You are too injured to fight recklessly!
There are monsters nearby!
You are too injured to fight recklessly!
There are monsters nearby!
You are too injured to fight recklessly!
There are monsters nearby!
You are too injured to fight recklessly!
There are monsters nearby!
You are too injured to fight recklessly!
There are monsters nearby!
You are too injured to fight recklessly!
There are monsters nearby!
You are too injured to fight recklessly!
There are monsters nearby!
You are too injured to fight recklessly!
There are monsters nearby!
You are too injured to fight recklessly!
There are monsters nearby!
The rat bites you but does no damage.
You see here a quokka corpse.
The dart slug closely misses you. The rat bites you.
The rat attacks as it pursues you! The rat bites you.
The rat attacks as it pursues you! The rat bites you.
You hit the rat. You burn the rat.
You kill the rat!
You have reached level 3!
Your experience leads to an increase in your attributes!
Increase (S)trength, (I)ntelligence, or (D)exterity?
You feel stronger. x2; Your demonic ancestry asserts itself...
You feel the presence of a demonic guardian.
There's something in the way.
Are you sure you want to abandon this character and quit the game? (Confirm with "yes".)

+... ....
#... ....
#... ...##
#...
########...
####
#...J....#
#........#
#..w.....#
#@†..†...####
#...........#
#
#######.....#
# #.....# #
#.....######
#...........
#.....######
#.....# #
############


You could see a dart slug and an endoplasm.

Vanquished Creatures
  A gnoll (D:1)
  3 endoplasms (D:1)
  A giant cockroach (D:1)
  A goblin (D:1)
  A hobgoblin (D:1)
  2 kobolds (D:1)
  A quokka (D:1)
  2 ball pythons (D:1)
  A frilled lizard (D:1)
  5 rats (D:1)
18 creatures vanquished.

Notes
Turn   | Place    | Note
-------+----------+-------------------------------------------
     0 | D:1      | Colgate the Demonspawn Cinder Acolyte began the quest for
                  | the Orb.
     0 | D:1      | Reached XP level 1. HP: 18/18 MP: 2/2
   141 | D:1      | Gained mutation: You have a somewhat thin skeletal
                  | structure. (Dex +2, Stealth+) [demonic ancestry]
   141 | D:1      | Reached XP level 2. HP: 24/24 MP: 3/3
   667 | D:1      | Gained mutation: A weak demonic guardian rushes to your
                  | aid. [demonic ancestry]
   667 | D:1      | Reached XP level 3. HP: 15/29 MP: 4/4
   667 | D:1      | Quit the game

Illustrated notes

Levels and vault maps discovered:
D:1:      minmay_arrival_four_houses, layout_basic

Skill      XL: |  1 |
---------------+----+-----
Polearms       | 3 |  3.8
Fighting       | |  3.0
Spellcasting   | |  1.0
Fire Magic     | |  2.6

Action                     || total
---------------------------++-------
  Melee: Spear             ||    56
         Punch             ||     2
 Invoke: Fiery Armour      ||     1
   Stab: Sleeping          ||     4
 Armour: Robe              ||    32
  Dodge: Dodged            ||    17
